 Dungeon Crawl Stone Soup version 0.28.0-62-gf88900778d (webtiles) character file.

Game seed: 16588890884784571768

15028 cbfl8 the Cleaver (level 11, 0/99 HPs)
             Began as a Minotaur Berserker on June 30, 2023.
             Was an Elder of Trog.
             Slain by a two-headed ogre
             ... wielding a +0 giant club
              (19 damage)
             ... on level 12 of the Dungeon.
             The game lasted 00:16:05 (19914 turns).

cbfl8 the Cleaver (Minotaur Berserker)             Turns: 19914, Time: 00:16:06

Health: 0/99       AC: 19    Str: 22    XL:     11   Next: 96%
Magic:  10/10      EV:  5    Int:  4    God:    Trog [****..]
Gold:   283        SH: 13    Dex: 14    Spells: 10/10 levels left

rFire   + . .      SeeInvis .   d - +0 war axe
rCold   + . .      Faith    +   G - +0 tower shield
rNeg    . . .      Spirit   .   s - +0 plate armour
rPois   .          Reflect  .   (helmet restricted)
rElec   .          Harm     .   z - scarf {rC+ rF+}
rCorr   +          Rampage  .   y - +2 pair of gloves
Will    .....                   (no boots)
Stlth   ..........              a - amulet of faith
HPRegen 0.26/turn               H - ring of resist corrosion
MPRegen 0.12/turn               (no ring)

@: on berserk cooldown
A: horns 2, retaliatory headbutt
a: Renounce Religion, Berserk, Trog's Hand, Brothers in Arms


You were on level 12 of the Dungeon.
You worshipped Trog.
Trog was greatly pleased with you.
You visited 1 branch of the dungeon, and saw 12 of its levels.
You also visited: Sewer.

You collected 641 gold pieces.
You spent 358 gold pieces at shops.

Inventory:

Hand Weapons
 d - a +0 war axe (weapon)
Armour
 s - a +0 plate armour (worn)
 y - a +2 pair of gloves (worn)
 z - a scarf of resistance (worn)
 G - a +0 tower shield (worn)
Jewellery
 a - an amulet of faith (around neck)
 H - a ring of resist corrosion (left hand)
Wands
 k - a wand of polymorph (2) (quivered)
 u - a wand of charming (5)
 A - a wand of flame (14)
 F - a wand of iceblast (2)
Scrolls
 b - 2 scrolls of magic mapping
 e - a scroll of fear
 g - 4 scrolls of teleportation
 l - 2 scrolls of enchant weapon
 n - a scroll of noise
 o - a scroll of holy word
 t - 4 scrolls of vulnerability {unknown}
 v - 4 scrolls of brand weapon {unknown}
 D - 2 scrolls of enchant armour {unknown}
 E - a scroll of silence {unknown}
 I - a scroll of fog {unknown}
 J - a scroll of blinking
 K - a scroll of immolation {unknown}
Potions
 c - 4 potions of attraction
 f - 2 potions of cancellation {unknown}
 h - 8 potions of heal wounds
 i - 4 potions of mutation
 j - 4 potions of curing {unknown}
 m - 3 potions of haste {unknown}
 p - a potion of might
 q - 3 potions of magic {unknown}
 r - 2 potions of invisibility {unknown}
 w - a potion of degeneration {unknown}
 x - a potion of flight {unknown}
 B - 3 potions of lignification {unknown}
 C - a potion of berserk rage {unknown}


   Skills:
 + Level 9.7 Fighting
 + Level 12.9 Axes
 + Level 12.2 Armour
 + Level 5.5 Dodging
 + Level 1.9 Stealth
 + Level 4.8 Shields
 * Level 7.9 Evocations


You had 10 spell levels left.
You didn't know any spells.
Your spell library was empty.

Dungeon Overview and Level Annotations

Branches:
Dungeon (12/15)            Temple (0/1) D:7            Lair (0/6) D:8
    Orc (0/2) D:9           Sewer (visited)

Altars:
Ashenzari
Cheibriados
Dithmenos
Elyvilon
Gozag
Makhleb
Okawaru
Uskayaw

Shops:
D:3 =   D:7 *   D:9 *


Innate Abilities, Weirdness & Mutations

You have a pair of horns on your head.
You reflexively headbutt those who attack you in melee.


Message History

You are too injured to fight recklessly!
You are too injured to fight recklessly!
You slice the shadow!!
You destroy the shadow!
Trog accepts your kill.
You hit the cyclops. The cyclops barely misses you.
A red film seems to cover your vision as you go berserk!
You feel yourself moving faster!
You feel mighty! You block the cyclops's attack.
You slash the cyclops!
You kill the cyclops!
Trog accepts your kill.
You start resting.
You feel a strong urge to attack something.
You start resting.
You feel your anger nearly subside.
You are no longer berserk.
You are exhausted.
You feel yourself slow down.
You start resting.
A two-headed ogre comes into view. It is wielding two +0 giant clubs.
A two-headed ogre is nearby!
A two-headed ogre is nearby!
A two-headed ogre is nearby!
You open the door.
You feel yourself speed up.
The two-headed ogre shouts in stereo!
You block the two-headed ogre's attack. x2
There is an open door here.
The two-headed ogre hits you with a +0 giant club!
You block the two-headed ogre's attack.
You fail to use your ability.
You fail to use your ability.
You block the two-headed ogre's attack. x2
You fail to use your ability.
The two-headed ogre hits you with a +0 giant club.
* * * LOW HITPOINT WARNING * * *
The two-headed ogre hits you with a +0 giant club!
* * * LOW HITPOINT WARNING * * *
You fail to use your ability.
The two-headed ogre hits you with a +0 giant club!!
You die...

.(........................#
.....................#....#
#.................####....#######
#....................#...........
#.......##...........#...........
#.......##....##.....#...........
#>........... ..................
..........######O................
...............'@................
.............###.................
.......##....# #.................
.......##....###........ .......
.......##.....##......#. .......
.......##.....##......# ##.....
.......##.....##......# ##.....
.............(...##.... .......
...................O .......


You could see a two-headed ogre.

Vanquished Creatures
  A centaur warrior (D:8)
  3 two-headed ogres
  Erica (D:9)
  An alligator (D:11)
  2 manticores
  A cyclops (D:12)
  2 ugly things
  5 unseen horrors
  2 trolls
  Prince Ribbit (D:5)
  3 wraiths
  3 shadows
  A wyvern (D:11)
  10 yaks (D:10)
  Eustachio (D:4)
  4 vampire mosquitoes (D:10)
  Edmund (D:5)
  An acid dragon (D:11)
  Duvessa (D:5)
  A water moccasin (D:5)
  3 orc warriors
  A hornet zombie (D:8)
  2 necrophages
  2 ogres (D:4)
  7 centaurs
  3 kobold brigands
  A gnoll sergeant (D:8)
  3 bullfrogs
  3 scorpions (D:5)
  A water moccasin zombie (D:3)
  Dowan (D:5)
  10 killer bees
  12 wights
  2 electric eels (D:6)
  A bullfrog zombie (D:6)
  4 howler monkeys
  A centaur zombie (D:6)
  2 hounds
  3 jellies
  6 orc priests
  A gnoll shaman (D:6)
  Crazy Yiuf (D:5)
  An iguana (D:5)
  11 orc wizards
  A killer bee zombie (D:7)
  6 gnolls
  10 adders
  A river rat (Sewer)
  A shadow imp (D:7)
  A white imp (D:8)
  An ufetubus (D:5)
  6 worms
  A dart slug (D:1)
  29 orcs
  6 bats
  16 endoplasms
  3 giant cockroaches
  4 goblins
  6 hobgoblins
  18 kobolds
  2 quokkas
  9 ball pythons
  6 frilled lizards
  11 rats
265 creatures vanquished.

Notes
Turn   | Place    | Note
-------+----------+-------------------------------------------
     0 | D:1      | cbfl8 the Minotaur Berserker began the quest for the Orb.
     0 | D:1      | Reached XP level 1. HP: 19/19 MP: 0/0
   206 | D:1      | Reached XP level 2. HP: 24/27 MP: 1/1
   206 | D:1      | Found a faded altar of an unknown god.
  1578 | D:2      | Reached XP level 3. HP: 33/33 MP: 2/2
  1830 | D:2      | Reached ** piety under Trog
  1831 | D:2      | Reached skill level 1 in Evocations
  2488 | D:3      | Reached XP level 4. HP: 40/40 MP: 3/3
  2524 | D:3      | Reached skill level 5 in Axes
  2768 | D:3      | Found Jucvith's Jewellery Shop.
  2775 | D:3      | Reached XP level 5. HP: 46/46 MP: 4/4
  2886 | D:4      | Found a glowing drain.
  2909 | Sewer    | Entered a sewer
  3274 | Sewer    | Reached *** piety under Trog
  3573 | Sewer    | Found a shimmering altar of Xom.
  3686 | Sewer    | Reached XP level 6. HP: 19/53 MP: 5/5
  4424 | D:4      | Found an iron altar of Okawaru.
  4733 | D:5      | Entered Level 5 of the Dungeon
  4822 | D:4      | Noticed Eustachio
  5165 | D:4      | Killed Eustachio
  5166 | D:4      | Reached XP level 7. HP: 60/60 MP: 6/6
  5256 | D:4      | Reached skill level 5 in Fighting
  5593 | D:4      | Reached skill level 5 in Armour
  5593 | D:4      | Reached skill level 1 in Stealth
  5882 | D:5      | Noticed Dowan
  5882 | D:5      | Noticed Duvessa
  5892 | D:5      | Killed Dowan
  5895 | D:5      | Killed Duvessa
  6176 | D:5      | Reached XP level 8. HP: 65/69 MP: 7/7
  6576 | D:5      | Identified the +6 mace "Arhynt" {flame, rElec Int+5 Dex-3
                  | SInv}
  6577 | D:5      | Found a runed translucent door.
  6578 | D:5      | Identified the +10 mace "Geaxakh" {vorpal, rElec rF+ Str-3}
  6578 | D:5      | Noticed Crazy Yiuf
  7086 | D:5      | Noticed Prince Ribbit
  7097 | D:5      | Killed Prince Ribbit
  7414 | D:5      | Noticed Edmund
  7424 | D:5      | Killed Edmund
  7663 | D:5      | Killed Crazy Yiuf
  8221 | D:6      | Found a hide-covered altar of Uskayaw.
  8282 | D:6      | Reached XP level 9. HP: 72/77 MP: 8/8
  9044 | D:6      | Reached skill level 5 in Evocations
  9296 | D:6      | Found a snail-covered altar of Cheibriados.
 10642 | D:7      | Found a broken altar of Ashenzari.
 10650 | D:7      | Found a burning altar of Makhleb.
 10652 | D:7      | Found a white marble altar of Elyvilon.
 10709 | D:7      | Found a staircase to the Ecumenical Temple.
 10992 | D:7      | Found Murofy's Assorted Antiques.
 10995 | D:7      | Bought a potion of heal wounds for 140 gold pieces
 10995 | D:7      | Bought a glowing amethyst potion for 25 gold pieces
 10995 | D:7      | Bought a scroll labelled PIMUOC HAAF for 28 gold pieces
 10995 | D:7      | Bought a white potion for 25 gold pieces
 11283 | D:8      | Found a staircase to the Lair.
 11303 | D:8      | Noticed a two-headed ogre
 11309 | D:8      | Killed a two-headed ogre
 11310 | D:8      | Reached skill level 10 in Axes
 11310 | D:8      | Reached skill level 5 in Dodging
 11504 | D:8      | Reached **** piety under Trog
 11556 | D:8      | Reached XP level 10. HP: 86/86 MP: 9/9
 12032 | D:8      | Noticed a centaur warrior
 12044 | D:8      | Killed a centaur warrior
 12921 | D:9      | Found a staircase to the Orcish Mines.
 13171 | D:9      | Found an opulent altar of Gozag.
 13177 | D:9      | Found Gozag's Platinum Reserve.
 13635 | D:9      | Noticed Erica
 13640 | D:9      | Killed Erica
 13971 | D:10     | Entered Level 10 of the Dungeon
 14041 | D:10     | Found a shadowy altar of Dithmenos.
 14091 | D:10     | Reached ***** piety under Trog
 14257 | D:10     | Reached skill level 10 in Armour
 14257 | D:10     | Reached skill level 1 in Shields
 14558 | D:7      | Bought a potion of heal wounds for 140 gold pieces
 14675 | D:10     | Reached XP level 11. HP: 45/95 MP: 10/10
 16350 | D:11     | Noticed a six-headed hydra
 16357 | D:11     | Noticed an alligator
 16357 | D:11     | a six-headed hydra changed into an alligator
 16366 | D:11     | Killed an alligator
 16375 | D:11     | Noticed a purple ugly thing
 16754 | D:11     | Noticed a two-headed ogre
 16765 | D:11     | Killed a two-headed ogre
 17010 | D:11     | Killed a purple ugly thing
 17038 | D:11     | Noticed a five-headed hydra
 19085 | D:12     | Noticed a purple ugly thing
 19092 | D:12     | Killed a purple ugly thing
 19133 | D:12     | Noticed a two-headed ogre
 19142 | D:12     | Killed a two-headed ogre
 19899 | D:12     | Noticed a two-headed ogre
 19914 | D:12     | Slain by a two-headed ogre

Illustrated notes

Levels and vault maps discovered:
D:1:      nicolae_arrival_washed_ashore, layout_basic,
          hellmonk_ecumenical_altar_arch_garden
D:2:      layout_basic, st_stairs_9
D:3:      layout_basic, serial_shops, shop
D:4:      layout_basic, kennysheep_mini_moat, cheibrodos_sewer_entry_bend,
          kennysheep_nub, uniq_eustachio
D:5:      layout_gridville, uniq_edmund, uniq_prince_ribbit1,
          uniq_crazy_yiuf_cottage, uniq_duvessa
D:6:      layout_cave_pods, slow_altar_1, mainiacjoe_overflow_24_doors,
          serial_park, serial_park_square2, serial_park_fountain, minmay_holes
D:7:      layout_gridville, grunt_temple_overflow_open,
          minmay_temple_entry_mini_moons, serial_shops, kennysheep_mini,
          serial_park_tiny_2
D:8:      layout_loops_cross, lair_entry_dummy
D:9:      layout_grid_maze, nicolae_gozag_zags_fifth_avenue, orc_0_dummy,
          uniq_erica
D:10:     layout_basic, grunt_dithmenos_smoke, grunt_ministairs_8
D:11:     layout_long_grid, minmay_variable_closet
D:12:     layout_basic, special_room [special_room_bee]

Skill      XL: |  1  2  3  4  5  6  7  8  9 10 11 |
---------------+----------------------------------+-----
Axes           | 4 5 6 7 8 10 12 | 12.9
Fighting       | 4 5 6 7 8 9 |  9.7
Evocations     | 1 2 3 4 5 6 7 |  7.9
Armour         | 3 4 5 7 9 10 12 | 12.2
Dodging        | 3 4 5 |  5.5
Stealth        | 1 |  1.9
Shields        | 1 4 |  4.8

Action                   |  1- 3 |  4- 6 |  7- 9 | 10-12 || total
-------------------------+-------+-------+-------+-------++-------
Melee: Hand axe          |    88 |   127 |   245 |       ||   460
       Headbutt          |    14 |    18 |    54 |    64 ||   150
       Punch             |     1 |     5 |     1 |       ||     7
       War axe           |       |       |    57 |   273 ||   330
Invok: Berserk           |     1 |     4 |    12 |    14 ||    31
       Trog's Hand       |       |     1 |     1 |       ||     2
Evoke: Wand              |       |       |       |    16 ||    16
  Use: Scroll            |       |     1 |     4 |     7 ||    12
       Potion            |       |       |     3 |       ||     3
Armor: Animal skin       |    17 |       |       |       ||    17
       Scale mail        |    14 |    54 |   106 |    25 ||   199
       Plate armour      |       |       |       |   256 ||   256
Dodge: Dodged            |    73 |    83 |   184 |   114 ||   454
Block: Tower shield      |       |       |       |   177 ||   177
